 Dungeon Crawl Stone Soup version 0.30-a0-341-g682706514a (webtiles) character file.

Game seed: 14049702602699154861

1071 retardedninja the Trooper (level 8, 0/159 HPs)
             Began as a Hill Orc Fighter on Oct 31, 2022.
             Slain by a gnoll
             ... wielding a +0 spear
             ... led by a gnoll bouda
              (4 damage)
             ... on level 5 of the Dungeon on Nov 1, 2022.
             The game lasted 00:09:46 (4499 turns).

retardedninja the Trooper (Hill Orc Fighter)        Turns: 4499, Time: 00:09:47

Health: 0/159      AC: 24    Str: 27    XL:     8   Next: 28%
Magic:  8/8        EV:  2    Int:  8    God:
Gold:   246        SH:  6    Dex: 16    Spells: 7/7 levels left

rFire   . . .      SeeInvis .    a - +0 war axe
rCold   . . .      Faith    .    c - +0 buckler
rNeg    . . .      Spirit   .    (body armour currently unavailable)
rPois   +          Reflect  .    (helmet currently unavailable)
rElec   .          Harm     .    (cloak currently unavailable)
rCorr   .          Rampage  .    (gloves currently unavailable)
Will    .....      NoTele   +    (boots currently unavailable)
Stlth   ..........               (no amulet)
HPRegen 0.46/turn                g - +6 ring of dexterity
MPRegen 0.11/turn                y - +6 ring of strength

@: berserking, tree-form, weakened, hasted, very quick
A: stationary, stasis, torment immunity, boosted hp, (deformed body), (poison
resistance), MP-powered wands
a: no special abilities


You were on level 5 of the Dungeon.
You were a tree.
You visited 1 branch of the dungeon, and saw 5 of its levels.

You collected 246 gold pieces.

Inventory:

Hand Weapons
 a - a +0 war axe (weapon)
Missiles
 o - 7 boomerangs (quivered)
 F - 4 poisoned darts
Armour
 c - a +0 buckler (worn)
 e - a +0 pair of gloves (melded)
 h - a +0 cloak (melded)
 x - a +0 pair of boots (melded)
 B - a +0 plate armour (melded)
Jewellery
 g - a +6 ring of dexterity (left branch)
 y - a +6 ring of strength (right branch)
 z - a ring of wizardry
 A - a ring of poison resistance
Wands
 v - a wand of charming (7)
Scrolls
 b - 2 scrolls of teleportation {unknown}
 f - 3 scrolls of magic mapping {unknown}
 j - 5 scrolls of identify {unknown}
 m - a scroll of amnesia {unknown}
 p - a scroll of brand weapon {unknown}
 q - a scroll of poison {unknown}
 r - a scroll of blinking {unknown}
 D - a scroll of fog {unknown}
 E - a scroll of vulnerability {unknown}
 I - a scroll of noise {unknown}
Potions
 i - 2 potions of flight
 k - a potion of brilliance
 l - 2 potions of degeneration
 w - a potion of invisibility {unknown}
 C - a potion of mutation
 H - a potion of heal wounds {unknown}


   Skills:
 + Level 6.7 Fighting
 + Level 6.7 Axes
 + Level 6.1 Armour
 + Level 6.1 Shields


You had 7 spell levels left.
You didn't know any spells.
Your spell library contained the following spells:

 Spells                   Type           Power      Damage    Failure   Level
 Beastly Appendage        Tmut           0%         N/A       50%         1
 Wereblood                Tmut           0%         N/A       63%         2
 Spider Form              Tmut/Pois      0%         N/A       86%         3


Dungeon Overview and Level Annotations

Branches:
Dungeon (5/15)
 Temple: D:4-7

Altars:

Shops:
D:3 [[[[[

Annotations:
D:3 2 transporters, thelastwis's ghost, amateur DECj


Innate Abilities, Weirdness & Mutations

You are a tree.
Your roots penetrate the ground, keeping you stationary.
You cannot be teleported.
You are immune to unholy pain and torment.
Your maximum health is greatly increased.
Your equipment is partially melded.
((Armour fits poorly on your strangely shaped body.))
((Your system is resistant to poisons. (rPois)))
You expend magic power (3 MP) to strengthen your wands.


Message History

* * * LOW HITPOINT WARNING * * *
The gnoll hits you from afar with a +0 spear.
* * * LOW HITPOINT WARNING * * *
The gnoll hits you but does no damage.
You closely miss the gnoll. You hit the orc priest.
The gnoll is no longer moving quickly.
The orc priest hits you with a +0 short sword.
* * * LOW HITPOINT WARNING * * *
The gnoll hits you but does no damage. x3
You slash the gnoll!
You kill the gnoll!
The orc priest shouts, "Beogh is our master!
Accept the truth or die!"
You hit the orc priest.
The orc priest shouts, "Surrender to Beogh and we'll let you live!" x2
The orc priest hits you but does no damage.
The gnoll hits you but does no damage.
You slice the orc priest!!
You kill the orc priest!
The gnoll hits you but does no damage.
The gnoll bouda gazes fiercely through you!
You feel your attacks grow feeble.
The gnoll hits you from afar with a +0 spear.
* * * LOW HITPOINT WARNING * * *
It was a potion of magic.
Magic courses through your body.
The gnoll hits you but does no damage. x2
The gnoll bouda hits you with a +0 whip.
* * * LOW HITPOINT WARNING * * *
It was a potion of berserk rage.
A red film seems to cover your vision as you go berserk!
You feel yourself moving faster!
You feel mighty!
The gnoll hits you but does no damage. x2
You barely miss the gnoll bouda. You block the gnoll's attack. x2
You cannot move.
You cannot move.
You cannot move.
You cannot move.
You hit the gnoll bouda but do no damage.
The gnoll hits you but does no damage.
The gnoll hits you from afar with a +0 spear.
You die...

########..###..#......#...###..##
#....#...#[.....+....#.....
#....#...#......#....#.....
#....#...#......#....#.....
#######..#÷.....#....#.....
#..#......######.....
#..#......... #.....
#.g#g........ +...).
#.g)♣........ ######
#.g#)........ # #..#......... #
#..########## # #.†.# .. # #...#
... # #...# .... #.)## ...#
#..##....#


You could see a gnoll bouda and 3 gnolls.

Vanquished Creatures
  Pikel (D:4)
  A centaur (D:5)
  A lemure (D:4)
  2 scorpions (D:5)
  A jelly (D:4)
  3 orc priests
  3 iguanas
  Terence (D:3)
  9 gnolls
  6 adders
  2 white imps (D:5)
  An ufetubus (D:5)
  A worm (D:3)
  2 dart slugs
  16 orcs
  5 ball pythons
  7 endoplasms
  3 giant cockroaches
  8 goblins
  5 hobgoblins
  2 jackals (D:4)
  3 quokkas
  5 bats
  A frilled lizard (D:1)
  7 kobolds
  4 rats
100 creatures vanquished.

Vanquished Creatures (others)
  An orc wizard (D:5)
  6 plants (D:3)
7 creatures vanquished.

Grand Total: 107 creatures vanquished

Notes
Turn   | Place    | Note
-------+----------+-------------------------------------------
     0 | D:1      | retardedninja the Hill Orc Fighter began the quest for the
                  | Orb.
     0 | D:1      | Reached XP level 1. HP: 19/19 MP: 1/1
   180 | D:1      | Reached XP level 2. HP: 27/27 MP: 2/2
   579 | D:1      | Reached XP level 3. HP: 23/33 MP: 3/3
  1051 | D:2      | You fall into a shaft and drop 1 floor!
  1057 | D:3      | Found a transporter.
  1060 | D:3      | Noticed thelastwis's ghost (amateur DECj)
  2030 | D:3      | Reached XP level 4. HP: 39/40 MP: 4/4
  2075 | D:3      | Found Exace's Antique Armour Shop.
  2078 | D:3      | Found Komost's Armour Boutique.
  2085 | D:3      | Noticed Terence
  2100 | D:3      | Killed Terence
  2148 | D:3      | Found Qaufidye's Armour Boutique.
  2218 | D:3      | Reached XP level 5. HP: 32/47 MP: 5/5
  2306 | D:3      | Found Caclegaa's Armour Boutique.
  2454 | D:3      | Reached skill level 5 in Fighting
  2832 | D:3      | Found a transporter.
  2935 | D:3      | Found Kumaex's Antique Armour Shop.
  2942 | D:3      | Reached XP level 6. HP: 56/56 MP: 6/6
  3380 | D:4      | Noticed Pikel
  3390 | D:4      | Killed Pikel
  3391 | D:4      | Reached skill level 5 in Axes
  3391 | D:4      | Reached skill level 5 in Armour
  3391 | D:4      | Reached skill level 5 in Shields
  3391 | D:4      | Reached XP level 7. HP: 47/63 MP: 7/7
  3542 | D:4      | Upgraded the game from 0.30-a0-339-g89bb51ec76 to
                  | 0.30-a0-341-g682706514a
  4036 | D:5      | Entered Level 5 of the Dungeon
  4051 | D:5      | Reached XP level 8. HP: 55/71 MP: 8/8
  4490 | D:5      | Gained mutation: You expend magic power (3 MP) to
                  | strengthen your wands. [potion of mutation]
  4490 | D:5      | Gained mutation: Armour fits poorly on your strangely
                  | shaped body. [potion of mutation]
  4490 | D:5      | Gained mutation: Your system is resistant to poisons.
                  | (rPois) [potion of mutation]
  4495 | D:5      | HP: 5/106 [gnoll/+0 spear[a gnoll bouda] (4)]
  4496 | D:5      | HP: 2/106 [gnoll bouda/+0 whip (3)]
  4499 | D:5      | Slain by a gnoll

Illustrated notes

Levels and vault maps discovered:
D:1:      eino_arrival_cavern_b, layout_basic, minmay_misc_feat_plants,
          minmay_misc_feat_rugged
D:2:      layout_basic
D:3:      layout_rooms, gammafunk_ghost_stat_death, serial_shops,
          nicolae_shop_behind_doors, shop, shop,
          nicolae_shop_overgrown_old_shop, shop, uniq_terence
D:4:      layout_cave_pods, uniq_pikel
D:5:      layout_gridville, minmay_temple_entry_glass, uniq_ijyb

Skill      XL: |  1  2  3  4  5  6  7  8 |
---------------+-------------------------+-----
Axes           | 3 4 5 6 |  6.7
Fighting       | 4 5 6 |  6.7
Armour         | 4 5 6 |  6.1
Shields        | 4 5 6 |  6.1

Action                   |  1- 3 |  4- 6 |  7- 9 || total
-------------------------+-------+-------+-------++-------
Melee: War axe           |    87 |   107 |    86 ||   280
Throw: Boomerang         |     7 |       |    10 ||    17
  Use: Potion            |       |     6 |    10 ||    16
Armor: Scale mail        |    52 |    42 |       ||    94
       Plate armour      |       |    25 |   101 ||   126
       Skin              |       |       |    14 ||    14
Dodge: Dodged            |    45 |    61 |    52 ||   158
Block: Buckler           |    32 |    35 |    41 ||   108

Table legend: (Time is in decaauts)
 A = Elapsed time spent in this place.
 B = Non-inter-level travel time spent in this place.
 C = Inter-level travel time spent in this place.
 D = Time resting spent in this place.
 E = Time spent auto-exploring this place.
 F = Levels seen in this place.
 G = Mean time per level.
                   A        B        C        D        E       F      G
               +--------+--------+--------+--------+--------+-----+--------+
         Total |   4588 |   4460 |    128 |    595 |   3007 |   5 |  917.6 |
       Dungeon |   4588 |   4460 |    128 |    595 |   3007 |   5 |  917.6 |
               +--------+--------+--------+--------+--------+-----+--------+

Top non-repeatable levels by time:
     D:3: 1068 daAuts
     D:1: 1060 daAuts
     D:4: 1020 daAuts
     D:2: 967 daAuts
     D:5: 472 daAuts
